 Dungeon Crawl Stone Soup version 0.19-a0-1168-g98094fc (webtiles) character file.

7191 seren the Grappler (level 10, -2/85 (86) HPs)
             Began as a Mottled Draconian Transmuter on Aug 15, 2016.
             Was a Priest of Makhleb.
             Slain by an unseen horror (5 damage)
             ... on level 10 of the Dungeon.
             The game lasted 00:58:34 (11849 turns).

seren the Grappler (Mottled Draconian Transmuter)  Turns: 11849, Time: 00:58:35

HP:   -2/85 (86)    AC: 10    Str: 16    XL:     10   Next: 87%
MP:   19/19         EV: 17    Int: 13    God:    Makhleb [***...]
Gold: 397           SH:  0    Dex: 12    Spells: 4 memorised, 10 levels left

rFire  . . .     SeeInvis .       - Unarmed
rCold  . . .     Gourm    .     (armour unavailable)
rNeg   . . .     Faith    .     (no shield)
rPois  .         Spirit   .     (helmet restricted)
rElec  .         Dismiss  .     m - +2 cloak
rCorr  .         Reflect  .     (no gloves)
MR     .....     Harm     .     (no boots)
Stlth  +.........               d - amulet of regeneration
                                G - ring of wizardry
                                j - +2 ring of evasion

@: very slightly contaminated
A: breathe sticky flame splash, unfitting armour, cold-blooded, AC +7
a: Breathe Sticky Flame, Minor Destruction, Lesser Servant of Makhleb, Renounce
Religion


You were on level 10 of the Dungeon.
You worshipped Makhleb.
Makhleb was most pleased with you.
You were not hungry.

You visited 2 branches of the dungeon, and saw 11 of its levels.
You also visited: Ossuary.

You collected 397 gold pieces.

Inventory:

Missiles
 a - 119 arrows
 g - 247 stones
 t - 7 tomahawks
 w - a throwing net (quivered)
Armour
 m - a +2 cloak (worn)
 I - a +0 buckler
Jewellery
 d - an amulet of regeneration (around neck)
 j - a +2 ring of evasion (left hand)
 l - an uncursed ring of positive energy
 G - a ring of wizardry (right hand)
 H - an uncursed amulet of rage
Wands
 c - a wand of paralysis (8/24)
 k - a wand of confusion (15/48)
 p - a wand of acid (1/15)
Scrolls
 i - 2 scrolls of fog
 n - a scroll of blinking
 r - a scroll of immolation
 s - 2 scrolls of remove curse
 x - a scroll of recharging {unknown}
 y - a scroll of enchant weapon {unknown}
 z - a scroll of fear {unknown}
 C - a scroll of magic mapping {unknown}
Potions
 q - a potion of lignification
 A - a potion of ambrosia
 D - a potion of cure mutation
 E - a potion of curing
Books
 b - a book of Changes

   Spells                             Type                      Level
   a - Beastly Appendage              Transmutation                1
   b - Sticks to Snakes               Transmutation                2
   c - Spider Form                    Transmutation/Poison         3
   d - Ice Form                       Ice/Transmutation            4
   e - Blade Hands                    Transmutation                5
 e - a book of Conjurations

   Spells                             Type                      Level
   a - Magic Dart                     Conjuration                  1
   b - Searing Ray                    Conjuration                  2
   c - Dazzling Spray                 Conjuration/Hexes            3
   d - Fulminant Prism                Conjuration/Hexes            4
   e - Iskenderun's Mystic Blast      Conjuration                  4
   f - Iskenderun's Battlesphere      Conjuration/Charms           5
 o - a book of Geomancy

   Spells                             Type                      Level
   a - Sandblast                      Earth                        1
   b - Passwall                       Transmutation/Earth          2
   c - Stone Arrow                    Conjuration/Earth            3
   d - Petrify                        Transmutation/Earth          4
   e - Lee's Rapid Deconstruction     Earth                        5
Comestibles
 h - a meat ration


   Skills:
 - Level 7.0 Fighting
 + Level 6.1 Dodging
 - Level 10.0 Unarmed Combat
 + Level 6.4 Spellcasting
 + Level 7.4 Transmutations
 - Level 4.0 Invocations


You had 10 spell levels left.
You knew the following spells:

 Your Spells              Type           Power        Failure   Level  Hunger
a - Beastly Appendage     Tmut           ###...       1%          1    None
b - Sticks to Snakes      Tmut           ###.....     1%          2    #......
c - Spider Form           Tmut/Pois      ##........   4%          3    ###....
d - Blade Hands           Tmut           ###.......   9%          5    ######.


Dungeon Overview and Level Annotations

Branches:
Dungeon (10/15)            Temple (1/1) D:4
   Lair: D:8-11         Orc: D:9-12

Altars:
Ashenzari
Cheibriados
Elyvilon
Fedhas
Gozag
Hepliaklqana
Kikubaaqudgha
Makhleb
Nemelex Xobeh
Okawaru
Pakellas
Qazlal
Ru
Sif Muna
Trog
Uskayaw
Vehumet
Yredelemnul
Zin
The Shining One

Shops:
D:10 !

Annotations:
D:4 ogre
D:7 exclusion: electric eel


Innate Abilities, Weirdness & Mutations

You can spit globs of burning liquid.
You can ignite nearby creatures when you spit burning liquid.
Your weird mottled scales are hard. (AC +7)
Your body does not fit into most forms of armour.
You are cold-blooded and may be slowed by cold attacks.


Message History

The hound completely misses you. Something barely misses you.
The sky beast barely misses you. Something closely misses you.
Something closely misses you. Something hits you.
* * * LOW HITPOINT WARNING * * *
Something hits you but does no damage. The hound misses you.
Something barely misses you. x2; Something hits you but does no damage.
Something hits you but does no damage.
The orc wizard gestures wildly while chanting.
The orc wizard flickers and vanishes!
Something hits you.
* * * LOW HITPOINT WARNING * * *
Something hits you but does no damage. The hound bites you but does no damage.
Something barely misses you. Something hits you but does no damage.
Something hits you but does no damage. The hound completely misses you.
Something hits you.
* * * LOW HITPOINT WARNING * * *
Something hits you.
* * * LOW HITPOINT WARNING * * *
Something hits you but does no damage. x3
Something hits you.
You die...

#################
##..........<<<...
##.................
##..................
##...................
##.......(...........#
##....@................
##....h..............#.∩
##.......[...............
##......Y................#
##.............(...........
##..........................
##...........................
##....o.....................#.
##.....o.Y..................##


You could see an orc warrior, a sky beast and a hound.

Vanquished Creatures
  Sonja (D:10)
  A hill giant (D:10)
  Prince Ribbit (D:8)
  A wraith (Ossuary)
  7 yaks
  A hungry ghost (D:9)
  A water moccasin (D:9)
  An orc warrior (D:8)
  5 sky beasts
  A wasp (D:8)
  4 ice beasts
  A phantom (D:5)
  4 slaves
  A black bear (D:8)
  A necrophage (D:5)
  A centaur (D:7)
  5 ogres
  A crocodile (D:8)
  7 giant frogs
  A wyvern skeleton (D:8)
  5 scorpions
  5 killer bees (D:8)
  2 howler monkeys
  2 electric eels (D:7)
  5 crimson imps
  A centaur zombie (D:10)
  A wasp zombie (D:6)
  A giant frog zombie (D:8)
  2 jellies
  3 hounds
  A gnoll shaman (D:6)
  2 centaur skeletons
  An iron imp (D:5)
  2 giant frog skeletons
  4 iguanas
  8 orc wizards
  9 worker ants
  A mummy (Ossuary)
  A worker ant zombie (D:6)
  4 gnolls (D:6)
  10 adders
  A shadow imp (D:6)
  2 adder skeletons
  A worm (D:3)
  2 dart slugs (D:1)
  4 giant geckos
  23 orcs
  4 bats
  6 giant cockroaches
  4 goblins
  3 hobgoblins
  9 jackals
  7 kobolds
  5 quokkas
  2 ball pythons
  A ball python skeleton (D:4)
  A giant gecko zombie (D:6)
  4 giant newts
  8 gnoll skeletons (Ossuary)
  3 kobold skeletons (Ossuary)
  14 orc skeletons (Ossuary)
  A quokka skeleton (D:4)
  7 rats
  A plant (D:7)
229 creatures vanquished.

Vanquished Creatures (collateral kills)
  Pikel (D:9)
  An orc wizard (D:10)
2 creatures vanquished.

Vanquished Creatures (others)
  The ghost of Xiguana the Conjurer, an amateur TeCj (D:3)
  A giant cockroach (D:3)
2 creatures vanquished.

Grand Total: 233 creatures vanquished

Notes
Turn   | Place    | Note
-------+----------+-------------------------------------------
     0 | D:1      | seren the Draconian Transmuter began the quest for the Orb.
     0 | D:1      | Reached XP level 1. HP: 16/16 MP: 3/3
   474 | D:1      | Reached XP level 2. HP: 20/23 MP: 5/5
   905 | D:1      | Reached skill level 4 in Unarmed Combat
  1227 | D:2      | Reached XP level 3. HP: 24/28 MP: 6/6
  1461 | D:2      | Noticed a water elemental
  1463 | D:2      | Found a stormy altar of Qazlal.
  1465 | D:2      | Noticed an air elemental
  1465 | D:2      | Noticed an earth elemental
  1465 | D:2      | Noticed a fire elemental
  1674 | D:2      | Learned a level 2 spell: Sticks to Snakes
  1987 | D:3      | Noticed Xiguana's ghost (amateur TeCj)
  2092 | D:3      | Reached XP level 4. HP: 35/35 MP: 7/7
  2131 | D:3      | Killed Xiguana's ghost
  2155 | D:3      | Reached skill level 5 in Unarmed Combat
  2320 | D:4      | Reached XP level 5. HP: 32/40 MP: 6/8
  2408 | D:4      | Noticed an ogre
  2819 | D:4      | Found a staircase to the Ecumenical Temple.
  2824 | Temple   | Entered the Ecumenical Temple
  2844 | Temple   | Became a worshipper of Makhleb the Destroyer
  3020 | D:5      | Entered Level 5 of the Dungeon
  3020 | D:5      | Noticed a sky beast
  3179 | D:5      | Noticed an ice beast
  3221 | D:5      | Noticed an ice beast
  3350 | D:4      | Killed an ice beast
  3350 | D:4      | Reached XP level 6. HP: 6/50 MP: 4/9
  3716 | Temple   | Killed an ice beast
  3716 | Temple   | Reached skill level 6 in Unarmed Combat
  3933 | D:5      | Your scales start taking on a weird mottled colour.
  3933 | D:5      | Reached XP level 7. HP: 37/55 MP: 8/10
  4088 | D:5      | Reached skill level 7 in Unarmed Combat
  4361 | D:5      | Reached skill level 8 in Unarmed Combat
  4910 | D:5      | Reached * piety under Makhleb
  4910 | D:5      | Reached XP level 8. HP: 39/61 MP: 11/11
  5077 | D:5      | Reached skill level 9 in Unarmed Combat
  5410 | D:5      | Reached skill level 10 in Unarmed Combat
  5448 | D:5      | Learned a level 3 spell: Spider Form
  5581 | D:5      | Found a snail-covered altar of Cheibriados.
  6055 | D:6      | Reached skill level 5 in Transmutations
  6935 | D:7      | Found a sand-covered staircase.
  6944 | Ossuary  | Entered an ossuary
  7025 | Ossuary  | Reached ** piety under Makhleb
  7216 | Ossuary  | Reached XP level 9. HP: 56/70 MP: 8/12
  7259 | Ossuary  | Learned a level 5 spell: Blade Hands
  7644 | D:7      | Reached skill level 5 in Fighting
  8692 | D:8      | Noticed Prince Ribbit
  8713 | D:8      | Killed Prince Ribbit
  9246 | D:8      | Reached *** piety under Makhleb
  9273 | D:8      | Reached XP level 10. HP: 74/83 MP: 17/17
  9417 | D:8      | Reached skill level 5 in Spellcasting
  9671 | D:8      | Reached skill level 1 in Invocations
 10605 | D:9      | Reached skill level 5 in Dodging
 10848 | D:9      | Noticed Pikel
 11095 | D:10     | Entered Level 10 of the Dungeon
 11095 | D:10     | Found Hineeg Fiod's Distillery.
 11122 | D:10     | Noticed Sonja
 11309 | D:10     | Killed Sonja
 11421 | D:10     | Noticed a hill giant
 11426 | D:9      | Reached **** piety under Makhleb
 11529 | D:10     | Killed a hill giant
 11726 | D:9      | Paralysed by Pikel for 5 turns
 11737 | D:9      | Paralysed by Pikel for 7 turns
 11744 | D:9      | Killed Pikel
 11788 | D:10     | Found a deep blue altar of Sif Muna.
 11847 | D:10     | HP: 2/85 [something (5)]
 11849 | D:10     | Slain by an unseen horror

Vault maps used:
D:1:      minmay_arrival_checkered_box
D:2:      first_bread, nicolae_qazlal_style_of_elements
D:3:      lemuel_old_faithful
D:5:      slow_altar_2
D:7:      wad_lake_hut, enter_ossuary_1
D:8:      uniq_prince_ribbit1
D:9:      uniq_pikel
D:10:     serial_shops, nicolae_shop_stone, grunt_tengu_nest,
          lemuel_blue_sif_altar, uniq_sonja
Temple:   dpeg_three_leaves_temple
Ossuary:  ossuary_due_mausoleum

Skill      XL: |  1  2  3  4  5  6  7  8  9 10 |
---------------+-------------------------------+-----
Unarmed Combat | 4 5 6 8 10 | 10.0
Transmutations | 3 4 6 7 |  7.4
Fighting       | 2 4 6 7 |  7.0
Dodging        | 4 6 |  6.1
Spellcasting   | 4 6 |  6.4
Invocations    | 4 |  4.0

Action                   |  1- 3 |  4- 6 |  7- 9 | 10-12 || total
-------------------------+-------+-------+-------+-------++-------
Melee: Unarmed           |   134 |   152 |   451 |   319 ||  1056
       Tailslap          |    14 |    18 |    53 |    32 ||   117
       Punch             |     3 |     2 |    24 |    12 ||    41
       Headbutt          |     1 |     4 |    10 |     3 ||    18
       Kick              |       |    12 |     7 |    10 ||    29
Throw: Throwing net      |       |       |       |     1 ||     1
 Cast: Beastly Appendage |     1 |     6 |    14 |     4 ||    25
       Sticks to Snakes  |       |     7 |     2 |       ||     9
Invok: Lesser Servant of |       |       |       |     3 ||     3
 Abil: Breathe Sticky Fl |       |       |    15 |     5 ||    20
Evoke: Wand              |       |       |     4 |     3 ||     7
  Use: Potion            |       |     3 |     1 |     2 ||     6
       Scroll            |       |       |    14 |     3 ||    17
 Stab: Sleeping          |     2 |     1 |       |       ||     3
       Distracted        |     1 |       |       |       ||     1
       Confused          |       |       |       |     1 ||     1
  Eat: Chunk             |     4 |     5 |    11 |     5 ||    25
       Pizza             |       |     1 |       |     1 ||     2
       Royal jelly       |       |       |     1 |       ||     1
       Bread ration      |       |       |     2 |     1 ||     3
       Beef jerky        |       |       |     1 |       ||     1
       Meat ration       |       |       |       |     1 ||     1
Armor: Skin              |    35 |    46 |    73 |   120 ||   274
Dodge: Dodged            |    78 |   104 |   215 |   210 ||   607
